Map: Lerilak Crest

Players

Agh

  • Race: Zerg Zerg

morDuck - Winner!

  • Race: Terran Terran
  • League: Master

VOD

Have the link to the VOD?

Description

Time

  • Played on: March 1, 2016, 11:31 a.m.
  • Length: 20:35
Show
View Real Time Build Order
Export as new Build Order

Agh Zerg 

Build Orders: Hatch First 

Get SALT Encoding   

  12  0:01  Drone  
  13  0:12  Overlord  
  13  0:17  Drone  
  14  0:30  Drone  
  14  0:31  Drone  
  14  0:34  Drone  
  17  0:53  Hatchery  
  16  1:12  Spawning Pool  
  16  1:13  Drone  
  16  1:14  Drone  
  17  1:19  Drone  
  18  1:28  Drone  
  19  1:43  Hatchery  
  18  1:47  Overlord  
  18  1:52  Drone  
  19  1:59  Queen  
  21  2:09  Queen  
  21  2:12  Extractor  
  21  2:15  Drone  
  23  2:18  Zergling x2  
  23  2:21  Drone  
  25  2:24  Drone  
  26  2:37  Drone x2  
  26  2:38  Drone  
  26  2:39  Drone  
  29  2:50  Drone  
  29  2:51  Drone  
  31  2:58  Roach Warren  
  31  2:59  Queen  
  31  3:02  Drone  
  33  3:09  Drone  
  33  3:10  Drone x2  
  33  3:12  Drone  
  36  3:25  Drone x4  
  36  3:26  Drone x2  
  42  3:40  Overlord  
  42  3:42  Lair  
  42  3:46  Extractor  
  41  3:48  Drone  
  41  3:49  Extractor  
  41  3:59  Extractor  
  41  4:01  Metabolic Boost  
  40  4:06  Drone x4  
  40  4:07  Drone x5  
  49  4:15  Overlord  
  49  4:18  Drone  
  49  4:34  Drone x2  
  49  4:35  Drone x3  
  54  4:40  Spore Crawler  
  54  4:42  Roach x2  
  54  4:44  Zergling x2  
  57  4:45  Spine Crawler  
  55  4:54  Overseer  
  55  4:56  Roach  
  55  4:57  Overlord x2  
  57  5:01  Queen  
  57  5:02  Spire  
  56  5:21  Drone x6  
  56  5:22  Drone x5  
  56  5:27  Drone x3  
  65  5:32  Spore Crawler  
  64  5:36  Drone x3  
  67  5:46  Overlord x2  
  67  5:47  Drone  
  67  5:49  Extractor  
  67  5:50  Extractor  
  67  5:56  Evolution Chamber, Infestation Pit  
  64  6:16  Mutalisk x6  
  76  6:19  Zergling x2  
  76  6:20  Zergling x10  
  76  6:24  Overlord  
  76  6:25  Overlord  
  82  6:26  Drone x6  
  88  6:35  Hive  
  88  6:37  Zerg Ground Armor Level 1  
  88  6:38  Hatchery  
  87  6:41  Roach  
  89  6:47  Overlord  
  89  6:48  Overlord  
  89  6:49  Overlord  
  89  6:58  Roach  
  89  6:59  Roach x5  
  100  7:21  Zergling x2  
  100  7:22  Zergling x24  
  113  7:26  Spore Crawler  
  111  7:39  Roach  
  111  7:40  Roach x4  
  121  7:53  Ultralisk Cavern, Adrenal Glands  
  121  7:56  Roach x3  
  121  7:57  Roach x4  
  121  7:58  Evolution Chamber  
  133  8:00  Ravager x2  
  133  8:02  Overlord x2  
  135  8:24  Ravager x5  
  135  8:25  Ravager x5  
  145  8:28  Overlord x2  
  145  8:37  Zerg Melee Weapons Level 1  
  145  8:39  Overlord x2  
  145  8:42  Chitinous Plating  
  140  9:04  Zergling x4  
  140  9:05  Zergling x34  
  140  9:07  Ultralisk  
  131  9:18  Zergling x2  
  131  9:19  Zergling x6  
  130  9:26  Zergling x4  
  130  9:27  Zergling x12  
  120  9:35  Ultralisk x2  
  122  9:49  Ultralisk x2  
  122  9:51  Extractor  
  133  9:59  Zerg Ground Armor Level 2  
  131  10:01  Zergling x2  
  131  10:11  Zergling x8  
  131  10:12  Zergling x18  
  133  10:31  Corruptor x3  
  127  10:46  Overseer  
  127  10:49  Ultralisk  
  133  10:54  Zergling x2  
  133  10:55  Zergling x18  
  143  11:05  Zergling x4  
  135  11:30  Zergling x16  
  121  11:42  Zergling x2  
  121  11:43  Zergling x14  
  123  11:53  Ultralisk x2  
  131  11:58  Hatchery  
  130  12:17  Queen x2  
  130  12:19  Ultralisk x3  
  113  12:38  Zergling x12  
  111  12:45  Ultralisk  
  111  12:46  Zergling x6  
  116  13:00  Zergling x2  
  116  13:01  Zergling x10  
  112  13:14  Corruptor x2  
  114  13:24  Spore Crawler  
  95  13:41  Corruptor  
  95  13:42  Corruptor x3  
  95  13:48  Zergling x8  
  104  13:49  Zergling x2  
  107  13:55  Corruptor  
  101  14:04  Zergling x8  
  104  14:16  Zergling x8  
  96  14:33  Hatchery  
  81  15:00  Hatchery  
  80  15:23  Ultralisk x4  
  104  16:03  Zergling x10  
  104  16:04  Zergling x4  
  110  16:51  Queen  
  110  16:52  Queen x2  
  116  17:03  Hatchery  
  109  17:16  Ultralisk x2  
  109  17:17  Ultralisk x2  
  109  17:18  Overlord x2  
  127  17:37  Zergling x6  
  127  17:38  Zergling x2  
  108  18:18  Zergling x14  
  108  18:19  Zergling x10  
  92  18:32  Zergling x4  
  73  19:02  Corruptor  
Show
View Real Time Build Order
Export as new Build Order

morDuck Terran - Winner!

Build Orders: Reaper Expand, MMM Bio 

Get SALT Encoding   

  12  0:01  SCV  
  13  0:13  SCV  
  14  0:17  Supply Depot  
  14  0:25  SCV  
  15  0:39  SCV  
  15  0:40  Barracks  
  16  0:44  Refinery  
  16  0:51  SCV  
  17  1:03  SCV  
  18  1:15  SCV  
  19  1:27  Orbital Command, Reaper  
  20  1:40  Command Center  
  20  1:53  SCV, Supply Depot  
  21  1:59  Marine  
  22  2:06  SCV  
  23  2:08  Factory  
  23  2:12  Refinery  
  23  2:18  SCV  
  23  2:21  Barracks Reactor  
  24  2:30  SCV  
  25  2:42  SCV  
  26  2:53  Widow Mine  
  26  2:54  SCV, Starport  
  26  2:55  Orbital Command  
  29  3:00  Marine  
  29  3:01  Marine  
  31  3:06  SCV  
  31  3:08  Supply Depot  
  32  3:18  SCV  
  33  3:21  Marine x2  
  33  3:23  SCV  
  36  3:30  SCV  
  36  3:31  Medivac  
  39  3:35  SCV  
  40  3:42  SCV  
  40  3:48  SCV  
  42  3:52  Command Center  
  42  3:56  Supply Depot  
  42  3:57  SCV  
  42  3:59  Marine x2  
  42  4:02  SCV  
  46  4:07  Viking  
  46  4:08  Factory Tech Lab  
  46  4:09  SCV  
  49  4:25  SCV  
  49  4:26  Marine  
  49  4:27  Marine, Siege Tank  
  49  4:28  SCV  
  56  4:38  SCV  
  56  4:40  SCV  
  56  4:42  Starport Reactor  
  56  4:43  Barracks  
  56  4:45  Barracks  
  56  4:54  SCV  
  57  5:00  SCV  
  58  5:10  Refinery  
  58  5:11  Refinery  
  58  5:13  SCV x2  
  60  5:14  Orbital Command  
  60  5:15  Factory Reactor, Engineering Bay  
  60  5:19  Marine  
  60  5:21  Engineering Bay  
  57  5:25  SCV  
  57  5:27  SCV  
  55  5:37  SCV  
  55  5:39  SCV  
  55  5:41  Supply Depot  
  55  5:42  Supply Depot  
  57  5:45  Medivac x2, Stimpack  
  57  5:48  SCV  
  62  5:57  SCV x2  
  62  6:00  Barracks Reactor  
  62  6:01  Marauder, Factory Tech Lab  
  62  6:04  Marine x2  
  66  6:11  SCV x2  
  70  6:16  Terran Infantry Armor Level 1, Terran Infantry Weapons Level 1  
  70  6:17  Barracks x2  
  70  6:19  SCV, Supply Depot  
  70  6:21  Supply Depot  
  70  6:22  Barracks  
  70  6:23  SCV  
  70  6:24  Barracks  
  70  6:25  SCV  
  73  6:26  Barracks  
  73  6:27  Factory  
  73  6:31  SCV  
  74  6:33  Marine x3  
  74  6:34  Siege Tank  
  74  6:35  SCV, Medivac  
  74  6:37  Marine x2  
  85  6:41  SCV  
  85  6:44  SCV  
  85  6:45  Refinery  
  85  6:46  Refinery  
  87  6:47  SCV  
  87  6:51  Marine  
  89  6:56  Armory  
  89  6:57  SCV x2  
  89  6:58  Marine x4  
  89  7:00  Medivac  
  98  7:10  Barracks Reactor  
  97  7:16  Barracks Reactor  
  97  7:17  Barracks Reactor  
  97  7:18  Barracks Tech Lab x2  
  97  7:23  Marine  
  97  7:24  Marine x2  
  97  7:25  Factory Reactor, SCV x2  
  97  7:26  SCV  
  103  7:38  Marine x3  
  103  7:39  Marauder  
  103  7:41  Marine  
  109  7:45  Combat Shields  
  109  7:46  Supply Depot  
  109  7:47  Supply Depot x2  
  109  7:48  Supply Depot  
  109  8:07  Marine x6  
  109  8:08  Medivac x2, Marauder, Marine x5, Siege Tank  
  109  8:09  Marauder  
  109  8:10  Missile Turret x2  
  109  8:12  Missile Turret  
  131  8:21  Terran Infantry Weapons Level 2, Terran Infantry Armor Level 2  
  131  8:22  Starport, Fusion Core  
  131  8:23  Widow Mine  
  131  8:25  Marine x2  
  131  8:26  Marine x2  
  137  8:34  Marine  
  137  8:36  Marauder, Marine  
  141  8:53  Marine  
  141  9:11  Marine  
  141  9:12  Marine x2  
  141  9:13  Marine x6  
  141  9:14  Marine  
  141  9:15  Liberator, Marine  
  141  9:16  Widow Mine, Marine  
  141  9:27  Marauder, Medivac  
  141  9:29  Widow Mine, Marine, Siege Tank  
  141  9:30  Marine x2  
  141  9:32  Marine x5  
  141  9:38  Marine  
  141  9:40  Marine  
  141  9:43  Marine  
  141  9:45  Marine  
  141  9:47  Marine x2  
  141  9:51  Starport Tech Lab, Marine x2  
  141  9:52  Supply Depot  
  141  9:56  Supply Depot x2  
  141  9:57  Marine  
  141  10:00  Liberator x2  
  141  10:13  Widow Mine x2, Marine x4  
  149  10:17  Marine x5  
  149  10:18  Supply Depot, Marauder, Siege Tank  
  149  10:20  Supply Depot  
  165  10:21  Supply Depot  
  165  10:25  Liberator  
  165  10:27  Marine x2  
  158  10:35  Marauder  
  158  10:36  Marine  
  158  10:37  Marine x2  
  158  10:38  Marine  
  153  10:43  Liberator x2  
  153  10:44  Advanced Ballistics  
  153  10:55  Marine  
  152  10:59  Marine  
  152  11:00  Marine x6  
  165  11:06  Marine  
  165  11:09  Terran Infantry Armor Level 3, Terran Infantry Weapons Level 3  
  166  11:15  Marine  
  166  11:17  Marine x2  
  163  11:24  Banshee  
  154  11:26  Liberator  
  154  11:29  Marine x2  
  154  11:30  Widow Mine x2, Marine  
  151  11:33  Orbital Command  
  133  11:41  Marine x7  
  134  11:49  Marine x2  
  134  11:52  Marine  
  134  11:53  Medivac  
  139  11:59  Command Center  
  139  12:02  SCV x2  
  139  12:04  Liberator  
  139  12:08  Marine x2  
  140  12:09  Marauder x3  
  140  12:10  Marine  
  148  12:19  Marine x6  
  157  12:28  Marine  
  157  12:29  Marine x2  
  140  12:31  Marine  
  128  12:39  SCV  
  128  12:41  Marine  
  120  12:45  Marine  
  120  12:47  Marine  
  120  12:48  Marine x7  
  126  12:51  Marine  
  126  12:53  Marine  
  126  12:54  Marine  
  126  12:59  Marine  
  126  13:03  Marine  
  126  13:04  SCV  
  129  13:11  SCV  
  129  13:12  SCV  
  128  13:16  SCV  
  128  13:18  Planetary Fortress  
  129  13:21  Liberator  
  129  13:23  SCV  
  129  13:26  Marine x2  
  129  13:27  Marine  
  131  13:28  Marine x5  
  131  13:29  Marine  
  137  13:36  Marine x2  
  137  13:37  Marine x2  
  142  13:41  Liberator  
  142  13:44  Marine x3  
  142  13:46  Marine  
  142  13:48  Marine  
  147  13:52  Marine  
  147  13:53  Cyclone  
  144  13:57  Marine  
  144  13:58  Marine x3  
  139  14:05  Marine  
  139  14:07  Marine  
  129  14:12  Marine  
  129  14:14  Marine x2  
  129  14:15  Widow Mine x2, Marine x5  
  137  14:20  Marine  
  137  14:22  Marine  
  137  14:23  Marine x2  
  126  14:27  Marine  
  126  14:30  Marine  
  124  14:33  Marauder  
  124  14:34  Marine  
  124  14:44  Marine  
  112  14:55  Marine  
  112  14:56  Marine x7  
  112  14:57  Medivac x2  
  112  14:59  SCV x2  
  119  15:02  Marine, Reaper  
  119  15:05  Marine x2  
  123  15:11  SCV x2  
  123  15:12  SCV  
  126  15:17  Marine x4  
  130  15:22  Marine  
  130  15:26  Marine x5  
  130  15:27  Marauder x2  
  140  15:28  Liberator  
  140  15:30  Liberator  
  140  15:33  Marine  
  141  15:36  Marine  
  141  15:41  Marine x2  
  141  15:42  Marine  
  145  15:44  Marine  
  145  15:45  Marauder  
  145  15:48  Marauder x2  
  157  15:52  Marine  
  157  15:55  Marine  
  159  15:59  Marine  
  159  16:00  Marine  
  160  16:06  Marauder  
  160  16:07  Marine  
  160  16:08  Marine x5  
  160  16:09  Marine  
  160  16:10  Marine x2  
  164  16:13  Marine  
  164  16:17  Marine  
  149  16:24  Marine  
  150  16:27  Marauder  
  150  16:30  Marine x3  
  150  16:31  Marine  
  155  16:40  Marine x3  
  155  16:45  Orbital Command  
  156  17:38  Marine x9  
  165  17:49  Marine  
  159  17:56  Orbital Command  
  145  17:59  Marine x5  
  145  18:03  Marine  
  132  18:18  Marine  
  132  18:19  Marine x4  
  97  18:32  Marine  
  89  18:44  Marine  
  89  18:45  Marine  
  89  18:49  SCV  
  89  18:54  Marine  
  90  18:55  Marine  
  90  18:56  Orbital Command, Marine  
  90  18:59  Marine  
  90  19:02  SCV  
  94  19:05  Marine  
  94  19:09  Marine x2  
  95  19:11  Marine  
  95  19:12  Marine  
  95  19:15  Marine  
  100  19:17  Marine  
  100  19:22  Marine x2  
  103  19:24  Marine  
  103  19:26  Marine  
  105  19:31  Marine x2  
  105  19:34  Marauder  
  109  19:49  Orbital Command  
Tags
 
Add a new tag
Caveats
  • Supply blocks, unpowered buildings, or Contaminate may cause inaccurate times.
  • Supply counts are checked every 10 seconds.